 Dungeon Crawl Stone Soup version 0.19.5 (webtiles) character file.

1627 Keye the Cleaver (level 8, -1/64 HPs)
             Began as a Hill Orc Fighter on May 6, 2017.
             Was a Believer of Okawaru.
             Slain by an orc warrior
             ... wielding a +0 scimitar
              (7 damage)
             ... on level 6 of the Dungeon.
             The game lasted 00:10:53 (6195 turns).

Keye the Cleaver (Hill Orc Fighter)                 Turns: 6195, Time: 00:10:54

Health: -1/64      AC: 20    Str: 18    XL:     8   Next: 97%
Magic:  6/8        EV:  9    Int:  8    God:    Okawaru [**....]
Gold:   521        SH:  5    Dex: 10    Spells: 0 memorised, 7 levels left

rFire  + + +     SeeInvis +     a - +0 war axe
rCold  . . .     Gourm    .     N - +4 chain mail "Deitilin" {rF+++ rN++ Str-3}
rNeg   + + .     Faith    .     (no shield)
rPois  .         Spirit   .     H - +1 helmet
rElec  .         Reflect  +     x - +0 cloak
rCorr  .         Harm     .     v - +0 pair of gloves
MR     .....                    (no boots)
Stlth  ..........               e - +5 amulet of reflection
                                (no ring)
                                u - ring of see invisible

@: heroism
A: no striking features
a: Heroism, Renounce Religion


You were on level 6 of the Dungeon.
You worshipped Okawaru.
Okawaru was pleased with you.
You were not hungry.

You visited 2 branches of the dungeon, and saw 7 of its levels.
You also visited: Ossuary.

You collected 521 gold pieces.

Inventory:

Hand Weapons
 a - a +0 war axe (weapon)
Armour
 v - a +0 pair of gloves (worn)
 x - a +0 cloak (worn)
 H - a +1 helmet (worn)
 N - the +4 chain mail "Deitilin" (worn) {rF+++ rN++ Str-3}
   (You found it on level 6 of the Dungeon)

   It affects your strength (-3).
   It renders you almost immune to fire.
   It greatly protects you from negative energy.
Jewellery
 e - a +5 amulet of reflection (around neck)
 s - a +3 amulet of reflection
 u - a ring of see invisible (left hand)
 J - an uncursed ring of fire
Wands
 n - a wand of lightning (9/15)
 D - a wand of random effects (16/48)
 E - a wand of polymorph (9/24)
Scrolls
 b - a scroll of recharging {unknown}
 i - 2 scrolls of magic mapping {unknown}
 k - a scroll of fear {unknown}
 o - 2 scrolls of amnesia
 q - 2 scrolls of teleportation {unknown}
 t - a scroll of random uselessness
 w - 5 scrolls of remove curse {unknown}
 y - a scroll of immolation {unknown}
 F - 3 scrolls of fog {unknown}
 I - 3 scrolls of enchant armour {unknown}
 L - a scroll of blinking {unknown}
Potions
 d - 3 potions of might
 j - a potion of invisibility
 l - 2 potions of lignification
 m - 5 potions of heal wounds
 p - 2 potions of brilliance
 r - a potion of cure mutation
 A - 2 potions of mutation {unknown}
 B - a potion of cancellation {unknown}
 C - 3 potions of agility
 G - a potion of magic {unknown}
 K - 4 potions of curing {unknown}
 M - 3 potions of flight {unknown}
Comestibles
 f - 4 bread rations
 g - 4 beef jerkies
 h - 4 meat rations
 z - a slice of pizza


   Skills:
 - Level 3.6(8.6) Fighting
 + Level 13.9(18.9) Axes
 - Level 3.2(8.2) Armour
   Level 3.2(8.2) Shields


You had 7 spell levels left.
You didn't know any spells.

Dungeon Overview and Level Annotations

Branches:
Dungeon (6/15)             Temple (1/1) D:5

Altars:
Ashenzari
Cheibriados
Dithmenos
Elyvilon
Fedhas
Gozag
Hepliaklqana
Kikubaaqudgha
Makhleb
Nemelex Xobeh
Okawaru
Qazlal
Ru
Sif Muna
Trog
Uskayaw
Vehumet
Xom
Yredelemnul
Zin
The Shining One


Message History

The orc warrior hits you with a scimitar!
* * * LOW HITPOINT WARNING * * *
You gain the combat prowess of a mighty hero.
The orc priest barely misses you.
The orc warrior hits you but does no damage.
You hit the orc priest.
The orc priest is lightly wounded.
You closely miss the orc warrior.
The orc priest mumbles some strange prayers to Beogh against you.
You struggle to resist.
You slash the orc priest!
The orc priest is severely wounded.
You hit the orc warrior but do no damage.
The orc warrior hits you but does no damage.
You slash the orc priest!
You kill the orc priest!
Okawaru accepts your kill.
You hit the orc warrior but do no damage.
The orc warrior hits you with a scimitar!
You die...

#### ... #. #. #.
######## #.
#.######......######.
#>.o@................
##.)..........# #####
#.####.......# ### #.
#.......# ....
#.......#
#.######.......#
#(.............#######
#....#.#..............
####.#................


You could see an orc warrior.

Vanquished Creatures
  A hippogriff (D:6)
  A yak (D:6)
  An ice beast (D:6)
  A phantom (D:5)
  An ogre (D:5)
  2 centaurs
  A water moccasin skeleton (D:4)
  3 wights (D:6)
  2 crimson imps
  A centaur zombie (D:5)
  A jelly (D:6)
  Crazy Yiuf (D:2)
  3 hounds
  An orc priest (D:6)
  2 bullfrog skeletons
  A centaur skeleton (D:4)
  An orc wizard (D:3)
  Jessica (D:2)
  A hound skeleton (D:4)
  8 mummies (Ossuary)
  3 gnolls (D:5)
  4 adders
  2 oozes (D:1)
  A worm (D:2)
  A dart slug (D:2)
  A leopard gecko (D:1)
  5 orcs
  5 giant cockroaches
  A gnoll zombie (Ossuary)
  4 goblins
  8 hobgoblins
  14 jackals
  2 quokkas
  A ball python (D:6)
  6 bats
  2 frilled lizards (D:2)
  2 hobgoblin zombies (Ossuary)
  A jackal skeleton (D:6)
  9 kobolds
  2 kobold zombies (Ossuary)
  A leopard gecko skeleton (D:6)
  3 orc zombies (Ossuary)
  9 rats
  A bush (D:2)
  4 fungi (D:2)
126 creatures vanquished.

Notes
Turn   | Place    | Note
-------+----------+-------------------------------------------
     0 | D:1      | Keye the Hill Orc Fighter began the quest for the Orb.
     0 | D:1      | Reached XP level 1. HP: 19/19 MP: 1/1
    47 | D:1      | Reached skill level 3 in Axes
   263 | D:1      | Reached XP level 2. HP: 20/26 MP: 2/2
   266 | D:1      | Reached skill level 4 in Axes
   556 | D:1      | Reached XP level 3. HP: 31/31 MP: 3/3
  1154 | D:2      | Reached skill level 5 in Axes
  1236 | D:2      | Noticed Jessica
  1246 | D:2      | Killed Jessica
  1246 | D:2      | Reached XP level 4. HP: 22/39 MP: 4/4
  1660 | D:2      | Found a runed door.
  1720 | D:2      | Noticed Crazy Yiuf
  1727 | D:2      | Killed Crazy Yiuf
  1727 | D:2      | Reached skill level 6 in Axes
  2125 | D:2      | Reached XP level 5. HP: 45/45 MP: 5/5
  2168 | D:3      | Reached skill level 7 in Axes
  3128 | D:4      | Found a stormy altar of Qazlal.
  3130 | D:4      | Noticed a fire elemental
  3131 | D:4      | Noticed a water elemental
  3131 | D:4      | Noticed an air elemental
  3229 | D:4      | Reached skill level 8 in Axes
  3229 | D:4      | Reached XP level 6. HP: 41/51 MP: 6/6
  3566 | D:4      | Reached skill level 9 in Axes
  3671 | D:5      | Entered Level 5 of the Dungeon
  3680 | D:5      | Found a staircase to the Ecumenical Temple.
  3689 | Temple   | Entered the Ecumenical Temple
  3856 | Temple   | Became a worshipper of Warmaster Okawaru
  4080 | D:5      | Noticed a phantom
  4119 | D:5      | Killed a phantom
  4119 | D:5      | Reached XP level 7. HP: 46/57 MP: 7/7
  4315 | D:5      | Reached skill level 10 in Axes
  4372 | D:5      | Reached * piety under Okawaru
  4581 | D:5      | Reached skill level 11 in Axes
  4867 | D:6      | Reached XP level 8. HP: 22/64 MP: 8/8
  5299 | D:6      | Found a sand-covered staircase.
  5306 | Ossuary  | Entered an ossuary
  5356 | Ossuary  | Reached skill level 12 in Axes
  5814 | D:6      | Got a fine chain mail
  5825 | D:6      | Identified the +4 chain mail "Deitilin" {rF+++ rN++ Str-3} (You found it on level 6 of the Dungeon)
  5845 | D:6      | Noticed a yak
  5847 | D:6      | Noticed a hippogriff
  5857 | D:6      | Killed a yak
  5857 | D:6      | Reached skill level 13 in Axes
  5863 | D:6      | Killed a hippogriff
  5863 | D:6      | Reached ** piety under Okawaru
  6195 | D:6      | Slain by an orc warrior

Skill      XL: |  1  2  3  4  5  6  7  8 |
---------------+-------------------------+-----
Axes           | 3 4 5 6 8 9 11 13 | 13.9
Fighting       | |  3.6
Armour         | |  3.2
Shields        | |  3.2

Action                   |  1- 3 |  4- 6 |  7- 9 || total
-------------------------+-------+-------+-------++-------
Melee: War axe           |    80 |   241 |   194 ||   515
Invok: Heroism           |       |       |     1 ||     1
  Use: Scroll            |       |       |     8 ||     8
  Eat: Chunk             |     1 |     9 |     3 ||    13
       Bread ration      |       |       |     1 ||     1
Armor: Scale mail        |    22 |    79 |    48 ||   149
       Chain mail        |       |       |    21 ||    21
Dodge: Dodged            |    38 |    92 |    66 ||   196
Block: Other             |    21 |    41 |    32 ||    94
       Reflection        |     1 |       |     3 ||     4
